 Dungeon Crawl Stone Soup version 0.23.2-1-ga50397a (webtiles) character file.

Game seed: 7743066893867935951

30 Iscandelvey the Vexing (level 3, 24/26 HPs)
             Began as a Demonspawn Arcane Marksman on Apr 17, 2019.
             Quit the game on level 1 of the Dungeon.
             The game lasted 00:00:26 (445 turns).

Iscandelvey the Vexing (Demonspawn Arcane Marksman)  Turns: 445, Time: 00:00:27

Health: 24/26      AC:  2    Str: 10    XL:     3   Next: 5%
Magic:  4/4        EV: 12    Int: 15    God:
Gold:   55         SH:  0    Dex: 13    Spells: 3/4 levels left

rFire    . . .     SeeInvis .   a - +0 hand crossbow
rCold    . . .     Gourm    .   (no shield)
rNeg     . . .     Faith    .   e - +0 robe
rPois    .         Spirit   .   (no helmet)
rElec    .         Reflect  .   (no cloak)
rCorr    .         Harm     .   (no gloves)
MR       .....                  (no boots)
Stlth    +.........             (no amulet)
HPRegen  0.08/turn              (no ring)
MPRegen  0.09/turn              (no ring)

@: no status effects
A: talons 2
a: no special abilities


You were on level 1 of the Dungeon.
You were not hungry.

You visited 1 branch of the dungeon, and saw 1 of its levels.

You collected 55 gold pieces.

Inventory:

Hand Weapons
 a - a +0 hand crossbow (weapon)
Missiles
 d - 7 bolts (quivered)
Armour
 e - a +0 robe (worn)
Jewellery
 g - an uncursed ring of protection from magic {unknown}
Scrolls
 b - a scroll of fog {unknown}
 h - a scroll of fear {unknown}
 j - a scroll of magic mapping {unknown}
Potions
 c - a potion of heal wounds {unknown}
 i - 3 potions of curing {unknown}
Comestibles
 f - 3 rations


   Skills:
 + Level 1.1 Fighting
 + Level 2.3 Crossbows
 + Level 2.0 Dodging
 + Level 1.0 Spellcasting
 + Level 3.7 Hexes


You had 3 spell levels left.
You knew the following spells:

 Your Spells              Type           Power        Failure   Level  Hunger
a - Corona                Hex            ##.....      5%          1    ##.....

Your spell library contained the following spells:

 Spells                   Type           Power        Failure   Level  Hunger
 Slow                     Hex            ##......     9%          2    ###....
 Inner Flame              Hex/Fire       #.......     34%         3    ####...
 Portal Projectile        Hex/Tloc       #.....       34%         3    ####...
 Cause Fear               Hex            ##........   47%         4    #####..
 Leda's Liquefaction      Hex/Erth       #.........   75%         4    #####..


Dungeon Overview and Level Annotations

Branches:
Dungeon (1/15)

Altars:


Innate Abilities, Weirdness & Mutations

You have razor-sharp toenails.


Message History

Increase (S)trength, (I)ntelligence, or (D)exterity?
You feel clever.
Your demonic ancestry asserts itself...
Your toenails lengthen and sharpen.
No target in view!
No target in view!
d - 9 bolts (gained 1)
A giant cockroach comes into view.
A giant cockroach is nearby!
Firing (i - inventory)
d - 9 bolts (quivered)
Press: ? - help, Shift-Dir - straight line, f - giant cockroach
Aim: a giant cockroach (clinging)
You shoot a bolt. The bolt hits the giant cockroach.
The giant cockroach is severely wounded.
The giant cockroach bites you. The giant cockroach closely misses you.
Firing (i - inventory)
d - 8 bolts (quivered)
Press: ? - help, Shift-Dir - straight line, f/p - giant cockroach
Aim: a giant cockroach (severely wounded, clinging)
You shoot a bolt. The bolt hits the giant cockroach.
You kill the giant cockroach!
Are you sure you want to abandon this character and quit the game? (Confirm with "yes".)

#...........# #.....
###.....##....###.....
#......##.............
#.......###...........
#.....###.............
#.......####..........
###..#### ...#........
#.....###..#....#...
#..@###....##...####
###.(.##...########
##.## ?# #... .. #...
... ####... ....
#...... ..... #......
...... #....(. #......


There were no monsters in sight!

Vanquished Creatures
  A ball python (D:1)
  5 giant cockroaches (D:1)
  4 goblins (D:1)
  5 hobgoblins (D:1)
  3 jackals (D:1)
  3 bats (D:1)
  A frilled lizard (D:1)
  4 rats (D:1)
26 creatures vanquished.

Notes
Turn   | Place    | Note
-------+----------+-------------------------------------------
     0 | D:1      | Iscandelvey the Demonspawn Arcane Marksman began the quest
                  | for the Orb.
     0 | D:1      | Reached XP level 1. HP: 15/15 MP: 2/2
   111 | D:1      | Gained mutation: You have sharp toenails. [demonic
                  | ancestry]
   111 | D:1      | Reached XP level 2. HP: 20/21 MP: 3/3
   439 | D:1      | Gained mutation: You have razor-sharp toenails. [demonic
                  | ancestry]
   439 | D:1      | Reached XP level 3. HP: 26/26 MP: 4/4
   445 | D:1      | Quit the game

Skill      XL: |  1  2 |
---------------+-------+-----
Dodging        | 2 |  2.0
Crossbows      | 2 |  2.3
Fighting       | |  1.1
Spellcasting   | |  1.0
Hexes          | |  3.7

Action                   || total
-------------------------++-------
 Fire: Hand crossbow     ||    58
Armor: Robe              ||     8
Dodge: Dodged            ||    20
